Map: Data-C

Players

Reynor - Winner!

  • Race: Zerg Zerg
  • League: Master
  • Spawn Location: 3:00

Zoun

  • Race: Protoss Protoss
  • Spawn Location: 9:00

Event: HomeStory Cup XXII

VOD

Have the link to the VOD?

Description

Time

  • Played on: Dec. 18, 2022, 8:06 a.m.
  • Length: 19:31

All games in this series

Show
View Real Time Build Order
Export as new Build Order

Reynor Zerg - Winner!

Build Orders: Hatch First 

Get SALT Encoding   

  12  0:00  Drone  
  13  0:11  Overlord  
  13  0:17  Drone  
  14  0:30  Drone x2  
  14  0:33  Drone  
  17  0:52  Hatchery  
  17  0:54  Drone  
  17  0:58  Drone  
  18  1:08  Extractor  
  17  1:13  Spawning Pool  
  17  1:16  Drone  
  17  1:20  Drone  
  18  1:27  Drone  
  19  1:38  Drone  
  20  1:49  Overlord  
  20  2:00  Queen  
  22  2:03  Zergling x2  
  22  2:04  Zergling x2, Queen  
  26  2:10  Drone  
  26  2:13  Metabolic Boost  
  26  2:14  Drone  
  28  2:21  Drone  
  29  2:25  Drone  
  30  2:32  Drone  
  30  2:37  Drone  
  32  2:41  Hatchery  
  31  2:46  Drone  
  31  2:47  Overlord  
  32  2:55  Queen  
  32  2:56  Drone  
  34  2:59  Drone  
  35  3:06  Drone  
  35  3:07  Queen  
  35  3:11  Drone x2  
  40  3:15  Overlord  
  40  3:17  Drone  
  41  3:20  Drone  
  41  3:23  Overlord  
  42  3:29  Drone  
  42  3:33  Queen  
  45  3:34  Drone  
  45  3:41  Drone x2  
  48  3:43  Queen  
  50  3:51  Overlord  
  50  3:52  Drone  
  50  3:55  Queen  
  51  3:57  Drone  
  54  4:03  Drone, Overlord  
  54  4:04  Drone x2  
  54  4:08  Overlord  
  57  4:11  Evolution Chamber  
  57  4:12  Drone x3  
  57  4:14  Drone  
  60  4:17  Spore Crawler  
  60  4:18  Drone  
  60  4:20  Drone  
  61  4:26  Drone x3  
  64  4:31  Roach Warren  
  64  4:33  Drone x2  
  64  4:35  Zergling x4  
  64  4:38  Zergling x4  
  69  4:41  Overlord  
  69  4:46  Zergling x4  
  69  4:49  Zergling x6  
  74  4:58  Overlord  
  74  5:01  Lair  
  74  5:05  Overlord  
  74  5:08  Drone x2  
  74  5:12  Extractor  
  75  5:14  Drone x2  
  75  5:15  Overlord  
  75  5:18  Drone x4  
  75  5:19  Drone  
  75  5:20  Queen  
  83  5:26  Drone x3  
  86  5:29  Overlord  
  86  5:30  Hatchery  
  85  5:36  Drone x4  
  85  5:37  Drone x2  
  85  5:40  Drone x2  
  85  5:42  Drone  
  93  5:43  Drone  
  93  5:46  Extractor  
  93  5:48  Extractor  
  92  5:53  Roach x2  
  92  5:54  Roach  
  92  5:56  Roach x2  
  102  5:58  Extractor x2  
  102  6:00  Roach x3  
  102  6:03  Overlord  
  106  6:06  Queen  
  106  6:07  Queen, Drone x4  
  106  6:09  Drone  
  114  6:13  Drone  
  114  6:15  Zerg Missile Weapons Level 1  
  114  6:17  Drone x2  
  117  6:19  Spore Crawler x2  
  117  6:24  Queen  
  117  6:25  Overlord  
  117  6:26  Drone x2  
  117  6:28  Drone x2  
  117  6:29  Spire  
  120  6:35  Overlord  
  120  6:37  Drone x2  
  120  6:41  Queen, Drone x2  
  120  6:44  Overlord  
  124  6:53  Drone x6  
  129  6:54  Drone x2  
  129  6:56  Queen  
  129  6:59  Overlord  
  123  7:06  Drone  
  123  7:07  Drone x3  
  117  7:09  Queen  
  117  7:17  Queen  
  117  7:18  Extractor  
  117  7:20  Drone x2  
  117  7:22  Extractor  
  119  7:23  Overlord  
  119  7:24  Glial Reconstitution  
  119  7:27  Spore Crawler  
  118  7:34  Queen  
  120  7:40  Corruptor x10  
  120  7:43  Corruptor  
  142  7:49  Corruptor x2  
  146  7:55  Queen  
  147  8:02  Corruptor  
  147  8:03  Corruptor  
  147  8:05  Drone x4  
  153  8:10  Corruptor  
  151  8:13  Drone  
  151  8:16  Overlord  
  151  8:21  Roach x9  
  151  8:26  Roach x3  
  175  8:31  Overlord  
  175  8:33  Overlord  
  175  8:35  Roach x4  
  175  8:38  Overlord  
  183  8:49  Overlord  
  183  8:53  Roach x2  
  183  8:54  Roach x8  
  199  9:05  Spine Crawler x2  
  199  9:06  Spore Crawler  
  199  9:09  Ravager  
  199  9:10  Ravager x2  
  199  9:12  Pneumatized Carapace  
  199  9:31  Zerg Melee Weapons Level 1  
  199  9:32  Baneling Nest, Evolution Chamber  
  199  9:33  Drone x2  
  199  9:42  Hatchery  
  199  9:43  Zerg Flyer Weapons Level 1  
  175  10:03  Hatchery  
  165  10:08  Zergling x2, Roach x7  
  165  10:09  Zergling x24  
  165  10:11  Zergling x8, Roach x3  
  165  10:14  Centrifugal Hooks, Zerg Missile Weapons Level 2  
  198  10:17  Infestation Pit  
  197  10:24  Ravager x2  
  197  10:25  Overseer, Ravager  
  190  10:45  Zergling x22  
  200  11:01  Hive  
  198  11:08  Ravager x2  
  193  11:30  Baneling x18  
  193  11:31  Baneling x5  
  193  11:32  Roach x6  
  199  11:37  Zergling x26  
  198  11:42  Baneling x9  
  198  11:50  Baneling x3  
  198  11:53  Zergling x22  
  198  11:54  Zergling x14  
  174  12:03  Roach x6  
  174  12:04  Queen  
  174  12:06  Roach x2  
  161  12:12  Roach x4  
  161  12:14  Roach x3  
  157  12:15  Roach  
  157  12:16  Roach  
  157  12:18  Roach  
  157  12:19  Roach x3  
  157  12:20  Roach x3  
  157  12:21  Roach x3  
  167  12:23  Adrenal Glands  
  167  12:27  Zergling x4  
  169  12:31  Viper  
  169  12:32  Viper  
  169  12:34  Zerg Melee Weapons Level 2, Hatchery  
  169  12:36  Zergling x2  
  175  12:46  Greater Spire  
  175  12:50  Zergling x22  
  186  12:51  Baneling  
  186  12:52  Baneling x16  
  186  12:55  Zergling x4  
  188  13:03  Zergling x14  
  195  13:13  Zergling x8  
  181  13:27  Zergling x16  
  181  13:33  Zergling x4  
  181  13:34  Zergling x8  
  191  13:35  Zergling x2  
  191  13:39  Hatchery  
  187  13:42  Hatchery  
  187  13:43  Ravager x5  
  190  13:55  Zergling x14  
  197  13:58  Zergling x6  
  197  13:59  Baneling x5  
  197  14:00  Baneling x8  
  197  14:02  Zerg Flyer Weapons Level 2  
  194  14:17  Zergling x14  
  194  14:20  Zergling x6  
  197  14:26  Zergling x8  
  197  14:32  Zergling x6  
  197  14:36  Zergling x2  
  190  14:40  Zergling x2  
  190  14:41  Zergling x6  
  190  14:43  Zergling x2  
  180  14:48  Corruptor  
  180  14:49  Corruptor  
  175  14:53  Corruptor x3  
  175  14:54  Corruptor x2  
  180  15:05  Drone x2  
  182  15:09  Baneling x6  
  182  15:10  Corruptor x2  
  182  15:11  Baneling x2  
  182  15:12  Baneling x2, Ravager x2  
  188  15:20  Ravager x2  
  188  15:21  Zergling x22  
  199  15:32  Zergling x6  
  199  15:35  Zerg Melee Weapons Level 3, Zerg Missile Weapons Level 3  
  199  15:40  Zergling x2  
  199  15:47  Zergling x28  
  199  15:48  Zergling x2  
  186  15:50  Roach  
  186  15:52  Ravager x2  
  186  15:53  Overseer  
  186  15:55  Baneling  
  186  15:56  Baneling x7  
  185  16:19  Brood Lord x7  
  199  16:32  Zergling x6  
  181  16:52  Roach x7  
  181  16:53  Zergling x4, Roach x7  
  199  17:00  Brood Lord  
  187  17:26  Zergling x28  
  196  17:43  Zergling x10  
  193  17:52  Zergling x2  
  193  17:53  Zergling x10  
  193  17:55  Corruptor  
  193  17:56  Corruptor  
  193  18:07  Zergling x2  
  193  18:08  Zergling x16  
  193  18:10  Hatchery  
  183  18:14  Zergling x2  
  183  18:15  Zergling x4, Hatchery  
  183  18:19  Zergling x4  
  170  18:24  Ravager x3  
  170  18:26  Zergling x14  
  174  18:35  Zergling x10  
  178  19:01  Hatchery  
  176  19:04  Zergling x2  
  176  19:05  Zergling x10  
Show
View Real Time Build Order
Export as new Build Order

Zoun Protoss 

Build Orders: 1 Gate Expand, Carriers, Carrier Rush 

Get SALT Encoding   

  12  0:00  Probe  
  13  0:12  Probe  
  14  0:19  Pylon  
  14  0:24  Probe  
  15  0:37  Probe (Chrono Boost)  
  15  0:41  Gateway  
  16  0:47  Probe (Chrono Boost)  
  16  0:49  Assimilator  
  17  0:52  Probe (Chrono Boost)  
  18  1:03  Probe  
  19  1:16  Probe  
  20  1:27  Nexus  
  20  1:37  Cybernetics Core  
  20  1:40  Probe  
  21  1:48  Assimilator  
  21  1:52  Probe  
  22  1:56  Pylon  
  22  2:04  Probe  
  23  2:11  Adept (Chrono Boost)  
  25  2:16  Probe  
  25  2:18  Stargate  
  26  2:27  Warp Gate  
  26  2:28  Probe (Chrono Boost)  
  27  2:36  Adept  
  29  2:39  Probe (Chrono Boost)  
  29  2:41  Probe (Chrono Boost)  
  31  2:49  Probe x2 (Chrono Boost)  
  33  2:54  Probe x2 (Chrono Boost)  
  35  3:05  Probe  
  35  3:09  Void Ray (Chrono Boost)  
  35  3:10  Probe  
  41  3:17  Gateway  
  41  3:18  Probe  
  42  3:22  Pylon  
  42  3:24  Probe  
  43  3:30  Adept, Probe  
  46  3:40  Probe  
  47  3:42  Probe  
  48  3:52  Nexus, Probe  
  48  3:54  Pylon  
  49  3:58  Probe  
  50  4:04  Probe  
  50  4:05  Assimilator  
  50  4:07  Assimilator  
  51  4:13  Fleet Beacon  
  51  4:16  Probe  
  52  4:20  Shield Battery  
  52  4:26  Stargate  
  52  4:28  Probe x2  
  54  4:40  Probe x2, Pylon  
  56  4:52  Probe x2  
  58  4:54  Pylon  
  58  4:59  Carrier (Chrono Boost)  
  64  5:06  Probe (Chrono Boost)  
  67  5:11  Probe x2 (Chrono Boost)  
  73  5:16  Probe (Chrono Boost)  
  73  5:19  Forge, Probe (Chrono Boost)  
  73  5:20  Carrier (Chrono Boost), Probe (Chrono Boost)  
  76  5:21  Probe  
  76  5:27  Pylon  
  77  5:30  Zealot, Probe  
  80  5:36  Probe  
  80  5:40  Probe  
  80  5:41  Assimilator x2  
  80  5:42  Probe  
  83  5:48  Probe  
  90  5:52  Probe  
  90  5:54  Probe, Pylon  
  92  5:58  Carrier (Chrono Boost)  
  92  6:00  Probe  
  93  6:04  Probe  
  93  6:05  Twilight Council  
  93  6:06  Carrier (Chrono Boost), Probe  
  101  6:12  Probe  
  101  6:13  Pylon  
  102  6:19  Robotics Facility  
  102  6:23  Protoss Ground Weapons Level 1  
  102  6:24  Probe  
  103  6:28  Gateway  
  103  6:29  Gateway  
  103  6:37  Probe  
  104  6:41  Probe  
  105  6:48  Stalker x2  
  105  6:50  Nexus  
  105  6:51  Pylon  
  108  7:00  Probe x2  
  100  7:04  Probe  
  100  7:06  Charge (Chrono Boost)  
  96  7:09  Templar Archives  
  96  7:12  Probe x2  
  96  7:13  Shield Battery  
  98  7:21  Observer  
  99  7:24  Shield Battery, Zealot x2, Sentry  
  105  7:34  Probe  
  105  7:35  Probe  
  105  7:37  Pylon  
  107  7:40  Gateway  
  107  7:44  Robotics Bay, Gateway  
  107  7:45  Gateway  
  107  7:50  Probe  
  109  7:51  Observer  
  109  8:02  Probe  
  110  8:10  High Templar x4  
  118  8:15  Probe x3  
  118  8:16  Probe  
  118  8:18  Protoss Ground Weapons Level 2 (Chrono Boost)  
  122  8:20  Photon Cannon  
  122  8:25  Gateway  
  122  8:26  Archon x2, Gateway  
  116  8:27  Gateway  
  116  8:28  Photon Cannon  
  110  8:34  Stalker  
  110  8:37  Blink (Chrono Boost)  
  110  8:38  Disruptor (Chrono Boost), Observer, Photon Cannon, Pylon  
  115  8:41  Stalker x2  
  115  8:44  Stalker x2  
  123  8:54  Templar Archives  
  123  8:55  Probe x2  
  125  8:56  Observer, Assimilator x2  
  125  8:57  Observer  
  125  9:05  Probe x2  
  125  9:06  Photon Cannon  
  125  9:07  Shield Battery, Probe, Photon Cannon  
  125  9:09  Disruptor (Chrono Boost)  
  128  9:15  Photon Cannon  
  128  9:16  Photon Cannon  
  131  9:20  Zealot x4  
  139  9:25  Stalker x2  
  143  9:31  High Templar x2  
  143  9:36  Archon, Pylon  
  143  9:37  Disruptor, Pylon  
  143  9:38  Pylon  
  147  9:45  Stalker x2  
  152  9:53  Zealot  
  152  9:59  Stalker x4  
  162  10:06  Zealot  
  164  10:10  Nexus  
  164  10:12  High Templar x2  
  165  10:17  Pylon x2  
  165  10:19  Archon, Pylon  
  165  10:24  Observer  
  165  10:25  Pylon  
  165  10:26  Pylon  
  165  10:34  Disruptor (Chrono Boost)  
  165  10:35  Observer  
  168  10:36  High Templar x2  
  168  10:37  Zealot x4  
  168  10:38  Zealot  
  168  10:40  Zealot  
  183  10:44  Archon  
  183  10:46  Protoss Ground Armor Level 1 (Chrono Boost)  
  183  10:47  High Templar x2  
  185  10:51  Archon  
  185  10:56  Photon Cannon  
  185  10:57  Photon Cannon  
  184  11:05  Zealot x2  
  184  11:06  Zealot x4  
  184  11:08  Observer (Chrono Boost)  
  193  11:23  Zealot x3  
  193  11:28  Zealot x3  
  191  11:40  Zealot x4  
  193  11:56  Zealot x3  
  185  12:06  Zealot x2  
  185  12:07  Zealot x4  
  185  12:08  Disruptor (Chrono Boost)  
  137  12:20  Carrier x2 (Chrono Boost)  
  110  12:23  High Templar x4  
  110  12:28  Archon x2  
  124  12:32  Sentry, Stalker x4  
  132  12:38  Disruptor (Chrono Boost)  
  132  12:39  Protoss Ground Weapons Level 3 (Chrono Boost)  
  133  12:44  Stalker  
  135  12:59  High Templar x2  
  135  13:03  Archon  
  139  13:08  Stalker x2, Protoss Air Weapons Level 1  
  139  13:09  Stalker x2  
  139  13:10  Observer  
  148  13:12  Stalker x2  
  148  13:13  Stalker x2  
  146  13:31  High Templar  
  146  13:32  High Templar  
  150  13:35  Archon  
  150  13:39  Photon Cannon  
  150  13:40  Photon Cannon  
  138  13:46  Observer  
  139  13:48  High Templar x2  
  139  13:49  Zealot x6  
  139  13:54  Archon  
  153  14:08  Disruptor (Chrono Boost)  
  156  14:11  Nexus  
  156  14:15  Pylon  
  156  14:16  Zealot x5  
  166  14:18  Pylon  
  166  14:23  Zealot  
  155  14:28  High Templar x2  
  155  14:29  High Templar x2  
  151  14:32  Archon  
  151  14:33  Archon  
  151  14:38  Stalker x5  
  135  14:45  Zealot  
  133  14:52  Disruptor (Chrono Boost)  
  128  15:01  High Templar x2  
  128  15:02  Zealot x5  
  128  15:05  Archon  
  142  15:07  Zealot x3  
  148  15:18  Nexus  
  148  15:22  High Templar x2  
  148  15:26  Pylon  
  152  15:28  Pylon  
  152  15:29  Archon  
  152  15:31  High Templar x2  
  152  15:32  Zealot x4  
  154  15:37  Archon  
  150  15:53  High Templar x2  
  150  15:54  Zealot x4  
  150  15:56  Warp Prism  
  164  15:58  Archon  
  164  15:59  Zealot x2  
  168  16:07  Zealot  
  168  16:08  Zealot  
  162  16:20  High Templar x4  
  162  16:21  Zealot x2  
  162  16:25  Archon  
  170  16:26  Archon  
  170  16:30  Zealot x3  
  170  16:31  Zealot  
  178  16:45  Zealot x2  
  160  16:48  Shield Battery  
  160  16:53  Photon Cannon x2  
  154  16:56  Zealot x7, Tempest x2 (Chrono Boost)  
  154  16:57  Zealot  
  156  17:13  Zealot x2  
  154  17:24  Nexus  
  154  17:25  Zealot x4  
  142  17:44  Zealot  
  142  17:45  Zealot x5  
  146  17:56  Tempest (Chrono Boost)  
  149  18:01  High Templar x2  
  149  18:02  High Templar x2  
  141  18:05  Archon x2  
  141  18:08  Zealot x3  
  129  18:15  Zealot x2  
  100  18:30  Tempest (Chrono Boost)  
  103  18:35  High Templar x4  
  103  18:40  Archon x2  
  111  18:44  Tempest (Chrono Boost)  
  100  18:52  Pylon  
  100  18:57  High Templar x2  
  100  19:01  Archon  
  97  19:09  Zealot x2  
  76  19:10  Zealot  
Tags
 
Composition
Carriers
League
Master
Matchup
PvZ
Replay Pack
hsc22
Spawn Locations
Cross Positions
Strategy
Carrier Rush
Add a new tag
Caveats
  • Supply blocks, unpowered buildings, or Contaminate may cause inaccurate times.
  • Supply counts are checked every 10 seconds.